[Event "FIDE World Rapid-ch Open 2018"]
[White "Fridman, Daniel"]
[Black "Tukhaev, Adam"]
[Site "St. Petersburg"]
[Round "12.37"]
[Annotator "ChessBase"]
[Result "1-0"]
[Date "2018.12.28"]
[WhiteElo "2633"]
[BlackElo "2527"]
[PlyCount "51"]
[TimeControl "900+10"]

1. Nf3 g6 2. d4 Bg7 3. c4 d6 4. g3 Nf6 5. Bg2 0-0 6. Nc3 c5 7. 0-0 Nc6 8. e3 Bg4 9. h3 Bxf3 10. Bxf3 Nd7 11. Ne2 Qb6 12. Bxc6 bxc6 13. b3 a5 14. Bb2 a4 15. dxc5 Nxc5 16. Bxg7 Kxg7 17. Rb1 axb3 18. axb3 Qb4 19. Nd4 Rfc8 20. h4 Ra2 21. h5 Qb7 22. Qf3 Qd7 23. Kg2 Ne6 24. hxg6 hxg6 25. Rh1 Nxd4 26. Rh7+ 1-0

[Event "FIDE World Rapid-ch Open 2018"]
[White "Demchenko, Anton"]
[Black "Predke, Alexandr"]
[Site "St. Petersburg"]
[Round "12.41"]
[Annotator "ChessBase"]
[Result "1-0"]
[Date "2018.12.28"]
[WhiteElo "2679"]
[BlackElo "2622"]
[PlyCount "72"]
[TimeControl "900+10"]

1. e4 c5 2. Nf3 Nf6 3. e5 Nd5 4. Nc3 Nxc3 5. dxc3 Nc6 6. Bf4 e6 7. Qd2 h6 8. h4 Qc7 9. Be2 a6 10. c4 Rb8 11. a4 Qa5 12. c3 b5 13. cxb5 axb5 14. 0-0 bxa4 15. Qc2 Qb6 16. Nd2 Qxb2 17. Qd3 Qb6 18. Rxa4 Be7 19. h5 Qc7 20. Nc4 f5 21. g4 0-0 22. Qg3 Rb3 23. Bd1 Nd4 24. Nd2 Bb7 25. Nxb3 Qc6 26. f3 Ne2+ 27. Bxe2 Qxa4 28. Nd2 fxg4 29. fxg4 Qc2 30. Qd3 Qa4 31. Bg3 Rxf1+ 32. Nxf1 Bg5 33. Qg6 Kf8 34. Qd3 Kg8 35. Bf3 Ba6 36. Qe4 Qa1 1-0

[Event "FIDE World Rapid-ch Open 2018"]
[White "Yudin, Sergei"]
[Black "Petrov, Nikita"]
[Site "St. Petersburg"]
[Round "12.42"]
[Annotator "ChessBase"]
[Result "0-1"]
[Date "2018.12.28"]
[WhiteElo "2507"]
[BlackElo "2593"]
[PlyCount "74"]
[TimeControl "900+10"]

1. e4 e5 2. Nf3 Nc6 3. Bc4 Bc5 4. d3 Nf6 5. 0-0 d6 6. c3 a6 7. Bb3 Ba7 8. h3 h6 9. Re1 g5 10. Nh2 g4 11. hxg4 Rg8 12. g5 hxg5 13. Be3 g4 14. Bxa7 Nxa7 15. Nd2 Nh7 16. Ndf1 Qh4 17. Re3 Bd7 18. d4 0-0-0 19. dxe5 dxe5 20. Qe1 Ng5 21. Rd1 Nb5 22. Rd5 Rde8 23. Ba4 Bc6 24. Rc5 Qh8 25. Ng3 Ne6 26. Bd1 Nxc5 27. b4 Ne6 28. a4 Nd6 29. b5 axb5 30. axb5 Bxb5 31. c4 Nxc4 32. Rc3 Nd4 33. Nhf1 Qh4 34. Ne3 Nxe3 35. fxe3 Nc6 36. Rc5 Ba6 37. Ba4 Rg6 0-1

[Event "FIDE World Rapid-ch Open 2018"]
[White "Steinberg, Nitzan"]
[Black "Indjic, Aleksandar"]
[Site "St. Petersburg"]
[Round "12.44"]
[Annotator "ChessBase"]
[Result "1-0"]
[Date "2018.12.28"]
[WhiteElo "2532"]
[BlackElo "2620"]
[PlyCount "103"]
[TimeControl "900+10"]

1. e4 c5 2. Nf3 d6 3. d4 cxd4 4. Nxd4 Nf6 5. Nc3 a6 6. h4 e5 7. Nb3 Be7 8. Be2 h5 9. Bg5 Be6 10. g3 Nbd7 11. a4 Rc8 12. Bf3 g6 13. a5 0-0 14. Qd2 Rc4 15. 0-0 Qc7 16. Ra4 Rxa4 17. Nxa4 Rc8 18. Ra1 Bf8 19. Nc3 Ng4 20. Nc1 b5 21. axb6 Qxb6 22. Nd3 f6 23. Bxg4 hxg4 24. Be3 Qb7 25. Ra4 f5 26. Bh6 Be7 27. Bg5 Bf8 28. Bh6 Be7 29. Bg5 Nf6 30. Bxf6 Bxf6 31. Nb4 Bd7 32. Rxa6 Qxb4 33. Rxd6 Qc4 34. Rxf6 Be8 35. exf5 Ra8 36. Qd5+ Qxd5 37. Nxd5 Kg7 38. Re6 Ra1+ 39. Kg2 Bf7 40. f6+ Kh6 41. Rxe5 Ra6 42. Ne3 Be6 43. Rg5 Kh7 44. Nxg4 Ra2 45. Ne5 Rxb2 46. Nxg6 Kh6 47. Nf4 Bf7 48. Rg7 Rxc2 49. Kg1 Rc1+ 50. Kh2 Rc2 51. g4 Rxf2+ 52. Kg3 1-0

[Event "FIDE World Rapid-ch Open 2018"]
[White "Jobava, Baadur"]
[Black "Potapov, Pavel"]
[Site "St. Petersburg"]
[Round "12.48"]
[Annotator "ChessBase"]
[Result "1-0"]
[Date "2018.12.28"]
[WhiteElo "2627"]
[BlackElo "2516"]
[PlyCount "99"]
[TimeControl "900+10"]

1. d4 f5 2. b3 Nf6 3. Bb2 g6 4. e3 Bg7 5. Nc3 0-0 6. Qd2 c6 7. f3 d5 8. h3 Qc7 9. 0-0-0 Nh5 10. Nge2 f4 11. e4 Be6 12. Kb1 a5 13. Rg1 Nd7 14. Qe1 Bf7 15. e5 c5 16. Nb5 Qc6 17. g4 fxg3 18. Nxg3 Nxg3 19. Rxg3 c4 20. a4 Be6 21. h4 Nb6 22. Bh3 Bxh3 23. Rxh3 Qe6 24. Rg3 Qf5 25. Qe3 Rac8 26. Ba3 Bh6 27. Qc3 Rfe8 28. h5 cxb3 29. Qxb3 Nc4 30. hxg6 hxg6 31. Qd3 Qxd3 32. cxd3 Nxa3+ 33. Nxa3 Kf7 34. Rh1 Rh8 35. Rgh3 Kg7 36. Nb5 Be3 37. Rxh8 Rxh8 38. Rxh8 Kxh8 39. Kc2 Kg7 40. Nc7 Kf7 41. e6+ Kg7 42. Kc3 Bf4 43. Nxd5 Bd6 44. Kc4 g5 45. Nc3 Kg6 46. Ne4 Bb4 47. d5 Kf5 48. Nc5 b6 49. d6 b5+ 50. Kxb5 1-0

[Event "FIDE World Rapid-ch Open 2018"]
[White "Dreev, Aleksey"]
[Black "Gabrielian, Artur"]
[Site "St. Petersburg"]
[Round "12.49"]
[Annotator "ChessBase"]
[Result "1-0"]
[Date "2018.12.28"]
[WhiteElo "2670"]
[BlackElo "2499"]
[PlyCount "63"]
[TimeControl "900+10"]

1. d4 Nf6 2. Nf3 e6 3. c4 c5 4. d5 exd5 5. cxd5 d6 6. Nc3 g6 7. Nd2 Nbd7 8. e4 Bg7 9. Be2 0-0 10. 0-0 Re8 11. a4 Ne5 12. Ndb1 Bg4 13. f3 Bc8 14. f4 Ned7 15. Bf3 c4 16. Na3 Nc5 17. e5 dxe5 18. fxe5 Rxe5 19. Nxc4 Re8 20. Bf4 Nfe4 21. Nb5 g5 22. Bc7 Qd7 23. Bh5 Nf6 24. Ncd6 a6 25. Bxf7+ Kh8 26. Nxe8 Nxe8 27. Bxe8 Qxe8 28. Nd6 Qe3+ 29. Kh1 Bd7 30. Ra3 Qe7 31. Nf7+ Kg8 32. Bd6 1-0

[Event "FIDE World Rapid-ch Open 2018"]
[White "Khusnutdinov, Rustam"]
[Black "Pantsulaia, Levan"]
[Site "St. Petersburg"]
[Round "12.51"]
[Annotator "ChessBase"]
[Result "0-1"]
[Date "2018.12.28"]
[WhiteElo "2470"]
[BlackElo "2597"]
[PlyCount "78"]
[TimeControl "900+10"]

1. e4 c5 2. Nf3 e6 3. d4 cxd4 4. Nxd4 a6 5. Nc3 b5 6. Bd3 Bb7 7. 0-0 Nc6 8. Nxc6 Bxc6 9. Re1 Bc5 10. Be3 Bxe3 11. Rxe3 Ne7 12. Qh5 Ng6 13. a4 b4 14. Ne2 Qf6 15. e5 Qe7 16. Qg4 0-0 17. Qh5 Qc5 18. Nf4 Qd4 19. Nh3 h6 20. Rae1 Bxa4 21. Rg3 Rac8 22. Rxg6 fxg6 23. Qxg6 Rfe8 24. Qh7+ Kf8 25. Bg6 Qd2 26. Ra1 b3 27. Qh8+ Ke7 28. Qxg7+ Kd8 29. Qf6+ Kc7 30. cxb3 Rf8 31. Qe7 Bc6 32. Qc5 Qd5 33. Qa7+ Kd8 34. Qb6+ Ke7 35. Qb4+ d6 36. exd6+ Kd7 37. f3 Rxf3 38. Be4 Rxb3 39. Bxd5 Rxb4 0-1

[Event "FIDE World Rapid-ch Open 2018"]
[White "Esipenko, Andrey"]
[Black "Popov, Valerij"]
[Site "St. Petersburg"]
[Round "12.52"]
[Annotator "ChessBase"]
[Result "1-0"]
[Date "2018.12.28"]
[WhiteElo "2593"]
[BlackElo "2532"]
[PlyCount "99"]
[TimeControl "900+10"]

1. d4 d5 2. Nf3 e6 3. Bf4 c5 4. e3 Nf6 5. Nbd2 Nc6 6. c3 Bd6 7. Bg3 0-0 8. Bd3 b6 9. Qe2 Bb7 10. Rd1 h6 11. dxc5 bxc5 12. e4 Be7 13. 0-0 Qb6 14. exd5 exd5 15. c4 d4 16. Ne4 Nb4 17. Nxf6+ Bxf6 18. Bb1 Rfe8 19. Qd2 Be4 20. Bxe4 Rxe4 21. a3 Nc6 22. Rfe1 Rae8 23. Rxe4 Rxe4 24. Qc2 Re6 25. Ne1 Na5 26. Nd3 Qb3 27. Qxb3 Nxb3 28. Kf1 g5 29. f3 Ra6 30. Be5 Be7 31. Ke2 Kf8 32. f4 f6 33. Bb8 Rb6 34. Bxa7 Rb7 35. Bxc5 Nxc5 36. b4 Ne4 37. Kf3 Nc3 38. Ra1 Bd8 39. f5 Re7 40. Re1 Ra7 41. Ra1 h5 42. h3 Be7 43. c5 Ke8 44. h4 gxh4 45. Nf4 Ra4 46. Ne6 Nd5 47. c6 Bxb4 48. c7 Kd7 49. Rc1 Bc3 50. Nc5+ 1-0

[Event "FIDE World Rapid-ch Open 2018"]
[White "Popov, Ivan"]
[Black "Vitiugov, Nikita"]
[Site "St. Petersburg"]
[Round "12.53"]
[Annotator "ChessBase"]
[Result "1/2-1/2"]
[Date "2018.12.28"]
[WhiteElo "2592"]
[BlackElo "2719"]
[PlyCount "85"]
[TimeControl "900+10"]

1. e4 c5 2. Nf3 Nf6 3. e5 Nd5 4. Nc3 Nxc3 5. dxc3 Nc6 6. Bf4 Qb6 7. b3 e6 8. Qd2 Qc7 9. Be2 h6 10. h4 b6 11. h5 Bb7 12. Rh4 Ne7 13. Rg4 g5 14. hxg6 Nxg6 15. 0-0-0 0-0-0 16. Kb2 Bg7 17. Qe3 h5 18. Rg3 h4 19. Rg4 h3 20. gxh3 Rxh3 21. Bg3 Bh6 22. Qd3 Bc6 23. Qa6+ Kb8 24. Ng5 Bxg5 25. Rxg5 Rdh8 26. Bd3 Ne7 27. Rg7 Rf8 28. Qc4 Rhh8 29. Qg4 a5 30. Qg5 Nd5 31. Bc4 Qb7 32. Bxd5 Bxd5 33. c4 Bc6 34. a4 Rh1 35. Rxh1 Bxh1 36. Qe7 Qc8 37. Rxf7 Rxf7 38. Qxf7 Be4 39. Bh4 Bf5 40. Be7 Kb7 41. Bd6 Ka6 42. Qg7 Ka7 43. Qf8 1/2-1/2

[Event "FIDE World Rapid-ch Open 2018"]
[White "Adly, Ahmed"]
[Black "Kryakvin, Dmitry"]
[Site "St. Petersburg"]
[Round "12.54"]
[Annotator "ChessBase"]
[Result "1/2-1/2"]
[Date "2018.12.28"]
[WhiteElo "2626"]
[BlackElo "2588"]
[PlyCount "135"]
[TimeControl "900+10"]

1. Nf3 d5 2. g3 c6 3. Bg2 Bg4 4. 0-0 Nd7 5. d3 e6 6. c4 Ngf6 7. cxd5 exd5 8. h3 Bxf3 9. Bxf3 Bc5 10. Bg2 0-0 11. Nc3 Re8 12. e4 dxe4 13. dxe4 Ne5 14. Bg5 h6 15. Bxf6 Qxf6 16. Kh2 Qe6 17. Qc2 Rad8 18. b3 Nd3 19. Rad1 Nb4 20. Qe2 Bd4 21. Nb1 Bb6 22. f4 Qe7 23. Nc3 Bd4 24. Nb1 Bb6 25. e5 Rxd1 26. Rxd1 Rd8 27. Nc3 Rxd1 28. Qxd1 Qc5 29. Ne4 Qe3 30. Nd6 Nxa2 31. h4 Nc3 32. Qg4 Ne2 33. Qc8+ Kh7 34. Be4+ g6 35. Bxg6+ fxg6 36. Qxb7+ Kg8 37. Qc8+ Kh7 38. Qd7+ Kg8 39. Qe6+ Kh7 40. Qe7+ Kg8 41. Qe8+ Kh7 42. Qf7+ Kh8 43. Qf8+ Kh7 44. Qe7+ Kg8 45. Qe6+ Kh7 46. Qd7+ Kg8 47. Qf7+ Kh8 48. Qf8+ Kh7 49. Qe7+ Kg8 50. Qe6+ Kh7 51. Qf7+ Kh8 52. Qe8+ Kh7 53. Qe7+ Kg8 54. Qe8+ Kh7 55. Qd7+ Kg8 56. Qc8+ Kh7 57. Qd7+ Kg8 58. Qf7+ Kh8 59. Qf8+ Kh7 60. Qe7+ Kg8 61. Qf7+ Kh8 62. Qf6+ Kh7 63. Qe7+ Kg8 64. Qe8+ Kh7 65. Qf7+ Kh8 66. Qf8+ Kh7 67. Qf7+ Kh8 68. Qf8+ 1/2-1/2

[Event "FIDE World Rapid-ch Open 2018"]
[White "Smirin, Ilia"]
[Black "Zhigalko, Andrey"]
[Site "St. Petersburg"]
[Round "12.57"]
[Annotator "ChessBase"]
[Result "1-0"]
[Date "2018.12.28"]
[WhiteElo "2609"]
[BlackElo "2545"]
[PlyCount "65"]
[TimeControl "900+10"]

1. e4 c5 2. Nf3 d6 3. d4 cxd4 4. Nxd4 Nf6 5. Nc3 a6 6. g3 e6 7. Bg2 Be7 8. 0-0 0-0 9. b3 Qc7 10. Bb2 Rd8 11. Nce2 e5 12. Nf5 Bxf5 13. exf5 d5 14. h3 Nc6 15. g4 Bc5 16. Kh1 Rac8 17. Ng3 h6 18. h4 Ne4 19. Bxe4 dxe4 20. Qe2 Be7 21. g5 hxg5 22. Nxe4 Nd4 23. Qg4 Qxc2 24. Bxd4 Rxd4 25. Rae1 Rc6 26. hxg5 Bxg5 27. Kg2 Bf4 28. f6 g6 29. Rh1 Rxe4 30. Qh4 Bh2 31. Rxe4 Rxf6 32. Qxf6 Qxe4+ 33. Kxh2 1-0

[Event "FIDE World Rapid-ch Open 2018"]
[White "Lomasov, Semyon"]
[Black "Tsydypov, Zhamsaran"]
[Site "St. Petersburg"]
[Round "12.58"]
[Annotator "ChessBase"]
[Result "1-0"]
[Date "2018.12.28"]
[WhiteElo "2553"]
[BlackElo "2529"]
[PlyCount "97"]
[TimeControl "900+10"]

1. e4 c5 2. Nf3 d6 3. d4 cxd4 4. Nxd4 Nf6 5. Nc3 a6 6. Bg5 e6 7. f4 h6 8. Bh4 Qb6 9. a3 Nbd7 10. Bf2 Qc7 11. Qf3 b5 12. 0-0-0 Bb7 13. g4 Be7 14. h4 Nc5 15. Bd3 h5 16. gxh5 Nxh5 17. Kb1 g6 18. Rhe1 Nf6 19. Qh3 Rc8 20. Nb3 Nxd3 21. cxd3 Nh5 22. f5 e5 23. d4 Nf4 24. Qg4 a5 25. dxe5 dxe5 26. fxg6 Nxg6 27. Rc1 Qd7 28. Qxd7+ Kxd7 29. Nxa5 Ba8 30. Rcd1+ Ke6 31. Nxb5 Nxh4 32. Na7 Rcd8 33. N7c6 Nf3 34. Nxd8+ Rxd8 35. Bb6 Rb8 36. Nc4 Nxe1 37. Rxe1 Bc6 38. Bc7 Rc8 39. Bxe5 Ba4 40. Nb6 Bc2+ 41. Ka2 Rc6 42. Bd4 Bh4 43. Rh1 Bg5 44. Re1 Rd6 45. Nd5 Bh4 46. Re2 Bd3 47. Nf4+ Kd7 48. Nxd3 Rxd4 49. Ne5+ 1-0

[Event "FIDE World Rapid-ch Open 2018"]
[White "Miton, Kamil"]
[Black "Nihal Sarin"]
[Site "St. Petersburg"]
[Round "12.60"]
[Annotator "ChessBase"]
[Result "1/2-1/2"]
[Date "2018.12.28"]
[WhiteElo "2588"]
[BlackElo "2576"]
[PlyCount "68"]
[TimeControl "900+10"]

1. d4 Nf6 2. c4 e6 3. g3 d5 4. Bg2 dxc4 5. Nf3 c5 6. 0-0 Nc6 7. dxc5 Qxd1 8. Rxd1 Bxc5 9. Nbd2 c3 10. bxc3 0-0 11. Nb3 Be7 12. c4 Bd7 13. Bb2 Rfd8 14. Ne5 Rac8 15. c5 Nxe5 16. Bxe5 Bc6 17. Bxc6 Rxc6 18. Rxd8+ Bxd8 19. Rd1 Be7 20. Bxf6 gxf6 21. Rd7 Bxc5 22. Rxb7 Bb6 23. Rd7 Rc4 24. e3 Kg7 25. Kf1 Ra4 26. Rd2 f5 27. Rc2 h5 28. Nd2 h4 29. Nf3 hxg3 30. hxg3 Kf6 31. Ke2 Ba5 32. Nd4 Bb6 33. Nf3 Ba5 34. Nd4 Bb6 1/2-1/2

[Event "FIDE World Rapid-ch Open 2018"]
[White "Vastrukhin, Oleg"]
[Black "Khismatullin, Denis"]
[Site "St. Petersburg"]
[Round "12.62"]
[Annotator "ChessBase"]
[Result "1-0"]
[Date "2018.12.28"]
[WhiteElo "2413"]
[BlackElo "2621"]
[PlyCount "85"]
[TimeControl "900+10"]

1. Nf3 d5 2. g3 g6 3. Bg2 Bg7 4. d4 e6 5. 0-0 Ne7 6. Nbd2 Nbc6 7. c3 f5 8. Ne1 e5 9. dxe5 Nxe5 10. Nd3 Nf7 11. c4 0-0 12. Qb3 c6 13. Rd1 Qb6 14. Qxb6 axb6 15. cxd5 Nxd5 16. Nc4 Be6 17. Bxd5 Bxd5 18. Nxb6 Rxa2 19. Be3 Bb3 20. Rxa2 Bxd1 21. Kf1 Ne5 22. Nc5 Ng4 23. b3 Nxe3+ 24. fxe3 Rd8 25. Ra7 Bc3 26. Rxb7 Rd2 27. Nba4 Be5 28. Ke1 Rd5 29. Nd3 Bc2 30. Kd2 Bxd3 31. exd3 h5 32. d4 h4 33. gxh4 f4 34. Ke2 Bf6 35. Nc3 Rd8 36. Ne4 Bxh4 37. Rb6 Re8 38. Kf3 fxe3 39. Kxe3 Rc8 40. Nd6 Rc7 41. Rb7 Rxb7 42. Nxb7 Bg5+ 43. Ke4 1-0

[Event "FIDE World Rapid-ch Open 2018"]
[White "Sokolin, Leonid"]
[Black "Salgado Lopez, Ivan"]
[Site "St. Petersburg"]
[Round "12.63"]
[Annotator "ChessBase"]
[Result "1-0"]
[Date "2018.12.28"]
[WhiteElo "2508"]
[BlackElo "2629"]
[PlyCount "79"]
[TimeControl "900+10"]

1. e4 c5 2. Nf3 Nc6 3. Bb5 g6 4. 0-0 Bg7 5. Re1 e5 6. Bxc6 dxc6 7. d3 Qe7 8. Nbd2 Nf6 9. a3 Nh5 10. Nc4 Nf4 11. b4 Bg4 12. Be3 cxb4 13. axb4 Qxb4 14. Rb1 Qe7 15. Rxb7 Bd7 16. Qa1 0-0 17. Ncxe5 Nxg2 18. Rxd7 Qxd7 19. Nxd7 Bxa1 20. Rxa1 Rfd8 21. Nf6+ Kg7 22. Kxg2 a5 23. Bd4 a4 24. Nd7+ Kg8 25. Nb6 Ra6 26. Rxa4 Rxa4 27. Nxa4 Ra8 28. Nc3 Ra1 29. Be3 Ra3 30. Bd2 f6 31. Nd4 c5 32. Nb3 c4 33. dxc4 Kf7 34. Kf3 h5 35. h4 Ra8 36. c5 Rd8 37. Bf4 Ke6 38. c6 Rc8 39. Nd4+ Kf7 40. Nd5 1-0

[Event "FIDE World Rapid-ch Open 2018"]
[White "Frolyanov, Dmitry"]
[Black "Baron, Tal"]
[Site "St. Petersburg"]
[Round "12.64"]
[Annotator "ChessBase"]
[Result "1-0"]
[Date "2018.12.28"]
[WhiteElo "2517"]
[BlackElo "2532"]
[PlyCount "68"]
[TimeControl "900+10"]

1. e4 e6 2. d4 d5 3. Nc3 Bb4 4. e5 c5 5. a3 Bxc3+ 6. bxc3 Ne7 7. Qg4 cxd4 8. Qxg7 Rg8 9. Qxh7 Qc7 10. Ne2 Nbc6 11. f4 dxc3 12. h4 Bd7 13. h5 d4 14. h6 0-0-0 15. Qd3 Be8 16. h7 Rh8 17. g4 Nd5 18. Bg2 Ncb4 19. axb4 Nxb4 20. Qd1 d3 21. Rxa7 Nxc2+ 22. Kf1 Bb5 23. Ra8+ Kd7 24. Rxd8+ Kxd8 25. Rh3 Kc8 26. Rxd3 Bxd3 27. Qxd3 Nb4 28. Qxc3 Qxc3 29. Nxc3 Rxh7 30. Ne4 Kc7 31. Ng5 Rg7 32. Ke2 Nc6 33. Ba3 Nd8 34. Be7 Nc6 1-0

[Event "FIDE World Rapid-ch Open 2018"]
[White "Shaposhnikov, Evgeny"]
[Black "Makarov, Marat"]
[Site "St. Petersburg"]
[Round "12.65"]
[Annotator "ChessBase"]
[Result "1-0"]
[Date "2018.12.28"]
[WhiteElo "2576"]
[BlackElo "2505"]
[PlyCount "79"]
[TimeControl "900+10"]

1. Nf3 Nf6 2. c4 c5 3. Nc3 b6 4. d4 cxd4 5. Nxd4 Bb7 6. Bg5 a6 7. Bxf6 gxf6 8. e4 e6 9. Be2 Bb4 10. 0-0 Bxc3 11. bxc3 0-0 12. Qd3 Kh8 13. Rab1 d6 14. Rfd1 Nd7 15. Nb3 Ne5 16. Qd4 Rg8 17. Nd2 b5 18. a4 Ng6 19. Qe3 f5 20. cxb5 axb5 21. axb5 f4 22. Qh3 Ra2 23. Ra1 Rxa1 24. Rxa1 Ne5 25. Qh6 f3 26. Nxf3 Bxe4 27. Qe3 Bxf3 28. Bxf3 Qf6 29. Be2 d5 30. g3 Nd7 31. Ra7 Rd8 32. b6 Kg7 33. Rb7 Ne5 34. Rc7 Ra8 35. b7 Ra1+ 36. Kg2 Rb1 37. Ba6 Rb2 38. Qf4 Qxf4 39. gxf4 Ng4 40. Rc8 1-0

[Event "FIDE World Rapid-ch Open 2018"]
[White "Gutenev, Alexander"]
[Black "Roiz, Michael"]
[Site "St. Petersburg"]
[Round "12.66"]
[Annotator "ChessBase"]
[Result "1/2-1/2"]
[Date "2018.12.28"]
[WhiteElo "2456"]
[BlackElo "2605"]
[PlyCount "70"]
[TimeControl "900+10"]

1. e4 e5 2. Nf3 Nc6 3. Bb5 Nf6 4. 0-0 Nxe4 5. Re1 Nd6 6. Nxe5 Be7 7. Bf1 Nxe5 8. Rxe5 0-0 9. Nc3 Ne8 10. Nd5 Bd6 11. Re1 c6 12. Ne3 Be7 13. Qe2 Nc7 14. Nf5 Bf6 15. Nd6 Ne6 16. c3 Qc7 17. Nxc8 Raxc8 18. d4 d5 19. Qg4 g6 20. Bd3 Rce8 21. Bd2 h5 22. Qf3 Bg5 23. Bxg5 Nxg5 24. Qf6 Nh7 25. Qf3 Kg7 26. Re3 Nf6 27. h3 Rxe3 28. Qxe3 Re8 29. Qd2 Qe7 30. Kf1 Qc7 31. Kg1 Qb6 32. Kf1 Ne4 33. Bxe4 Rxe4 34. f3 Re6 35. b3 Qa6+ 1/2-1/2

[Event "FIDE World Rapid-ch Open 2018"]
[White "Novikov, Stanislav"]
[Black "Usmanov, Vasily"]
[Site "St. Petersburg"]
[Round "12.67"]
[Annotator "ChessBase"]
[Result "1-0"]
[Date "2018.12.28"]
[WhiteElo "2540"]
[BlackElo "2450"]
[PlyCount "107"]
[TimeControl "900+10"]

1. e4 d5 2. exd5 Qxd5 3. Nc3 Qd8 4. d4 c6 5. Ne4 Bf5 6. Ng3 Bg6 7. h4 h6 8. Nf3 e6 9. h5 Bh7 10. Bd3 Bxd3 11. Qxd3 Nf6 12. Bf4 c5 13. 0-0-0 Nc6 14. Ne4 cxd4 15. Nxd4 Nxd4 16. Qxd4 Qxd4 17. Rxd4 Nxe4 18. Rxe4 Bc5 19. f3 Rd8 20. b4 Bd4 21. c4 Ke7 22. Kc2 Rd7 23. Rd1 Bf6 24. Rxd7+ Kxd7 25. Be3 a6 26. Bd4 Bxd4 27. Rxd4+ Ke7 28. c5 Rd8 29. Rxd8 Kxd8 30. Kd3 Kd7 31. Kc4 Kc6 32. a4 Kc7 33. b5 a5 34. f4 f6 35. Kd4 Kd7 36. g4 Kc7 37. Ke4 Kd7 38. Kf3 Kc7 39. g5 Kd7 40. g6 Kc7 41. Ke3 Kd7 42. Ke4 Kc7 43. f5 Kd7 44. Kf4 Ke7 45. fxe6 Kxe6 46. Ke4 Ke7 47. Kd5 Kd7 48. b6 f5 49. Ke5 Kc6 50. Kxf5 Kd5 51. c6 Kxc6 52. Ke6 Kxb6 53. Kf7 Kc5 54. Kxg7 1-0

[Event "FIDE World Rapid-ch Open 2018"]
[White "Kabanov, Nikolai"]
[Black "Bindrich, Falko"]
[Site "St. Petersburg"]
[Round "12.68"]
[Annotator "ChessBase"]
[Result "1/2-1/2"]
[Date "2018.12.28"]
[WhiteElo "2450"]
[BlackElo "2606"]
[PlyCount "113"]
[TimeControl "900+10"]

1. e4 e5 2. Nf3 Nf6 3. Nc3 Nc6 4. Bc4 Bc5 5. d3 h6 6. Be3 d6 7. h3 Bb6 8. Bxb6 axb6 9. d4 0-0 10. 0-0 Bd7 11. Re1 Re8 12. a3 g6 13. Qd2 Kg7 14. Rad1 Qc8 15. Bf1 Rd8 16. Nd5 Ng8 17. dxe5 dxe5 18. Qc3 f6 19. Rd2 Be6 20. Red1 Bxd5 21. Rxd5 Rxd5 22. Rxd5 Nge7 23. Rd1 Qe8 24. Bb5 Rd8 25. Rd3 Rxd3 26. Qxd3 Qd8 27. Kf1 Qxd3+ 28. cxd3 Na7 29. Bc4 b5 30. Ba2 c5 31. Ke2 Nac6 32. Kd2 f5 33. g3 Kf6 34. h4 b6 35. Ke3 Nc8 36. Bd5 N6e7 37. Ba2 Nd6 38. Nd2 Nc6 39. Bd5 Nd4 40. f4 g5 41. hxg5+ hxg5 42. Nf3 exf4+ 43. gxf4 gxf4+ 44. Kxf4 Nxf3 45. Kxf3 Ke5 46. Bc6 c4 47. exf5 Nxf5 48. Bd7 Nd6 49. Ke3 Kd5 50. d4 c3 51. bxc3 Kc4 52. Kf4 Kxc3 53. Ke5 Nc4+ 54. Kd5 Nxa3 55. Bxb5 Nxb5 56. Kc6 Nxd4+ 57. Kxb6 1/2-1/2

[Event "FIDE World Rapid-ch Open 2018"]
[White "Sharma, Dinesh K."]
[Black "Huzman, Alexander"]
[Site "St. Petersburg"]
[Round "12.69"]
[Annotator "ChessBase"]
[Result "1/2-1/2"]
[Date "2018.12.28"]
[WhiteElo "2295"]
[BlackElo "2580"]
[PlyCount "60"]
[TimeControl "900+10"]

1. Nf3 Nf6 2. c4 e6 3. d4 d5 4. Nc3 c6 5. cxd5 exd5 6. Bg5 h6 7. Bf4 Bf5 8. e3 Qb6 9. Qc1 Nbd7 10. Be2 Be7 11. h3 0-0 12. 0-0 Rfe8 13. Re1 Qd8 14. Qd1 Ne4 15. Bd3 Bf8 16. Ne5 Nxe5 17. Bxe5 Nxc3 18. bxc3 Bxd3 19. Qxd3 b5 20. a4 a6 21. e4 dxe4 22. Rxe4 Qd7 23. Re3 Rad8 24. Qc2 Qd5 25. Rg3 Re6 26. axb5 axb5 27. Ra7 Rd7 28. Ra8 Rd8 29. Ra7 Rd7 30. Ra8 Rd8 1/2-1/2

[Event "FIDE World Rapid-ch Open 2018"]
[White "Tregubov, Pavel V."]
[Black "Anikonov, Dmitry"]
[Site "St. Petersburg"]
[Round "12.70"]
[Annotator "ChessBase"]
[Result "1-0"]
[Date "2018.12.28"]
[WhiteElo "2592"]
[BlackElo "2371"]
[PlyCount "83"]
[TimeControl "900+10"]

1. d4 e6 2. e4 d5 3. exd5 exd5 4. Nf3 Bd6 5. c4 Nf6 6. c5 Be7 7. Bd3 0-0 8. 0-0 b6 9. Be3 Bg4 10. Nbd2 bxc5 11. dxc5 Nc6 12. Qa4 Bd7 13. Bb5 Qe8 14. Rfe1 a6 15. Bxc6 Bxc6 16. Qa5 Qd8 17. Nd4 Bd7 18. Bf4 Ra7 19. c6 Bc8 20. Nb5 Bb4 21. Qxb4 axb5 22. Qxb5 Be6 23. Nb3 Qa8 24. Nd4 Rb8 25. Qe2 Rxa2 26. Rxa2 Qxa2 27. Nxe6 Rxb2 28. Qe3 Ng4 29. Qg3 Re2 30. Rf1 Rxe6 31. Qxg4 Qc4 32. h3 h5 33. Qg5 Rg6 34. Qe5 Qxc6 35. Rc1 Qd7 36. Qxh5 c6 37. Rb1 Re6 38. Qg4 g6 39. Rb8+ Kg7 40. Qh4 Re1+ 41. Kh2 Re8 42. Be5+ 1-0

[Event "FIDE World Rapid-ch Open 2018"]
[White "Sychev, Klementy"]
[Black "Fakhrutdinov, Timur"]
[Site "St. Petersburg"]
[Round "12.71"]
[Annotator "ChessBase"]
[Result "1/2-1/2"]
[Date "2018.12.28"]
[WhiteElo "2537"]
[BlackElo "2481"]
[PlyCount "104"]
[TimeControl "900+10"]

1. b3 e5 2. Bb2 Nc6 3. e3 Nf6 4. Nf3 d6 5. c4 Be7 6. Be2 e4 7. Nd4 Ne5 8. f4 Nd3+ 9. Bxd3 exd3 10. Nc3 d5 11. cxd5 Nxd5 12. 0-0 0-0 13. Rc1 Nf6 14. Nf3 b6 15. Ne5 Bb7 16. Rf2 c5 17. Qf1 Ne4 18. Nxe4 Bxe4 19. f5 f6 20. Ng4 Qd5 21. Rf4 Bd6 22. Rxe4 Qxe4 23. Rc4 Qd5 24. e4 Qf7 25. Qxd3 Bf4 26. Rc2 Rad8 27. Qe2 Qd7 28. Bc3 Qd3 29. Qxd3 Rxd3 30. Kf1 Rfd8 31. Ke2 h5 32. Nf2 R3d6 33. g3 Be5 34. d3 Bxc3 35. Rxc3 g6 36. fxg6 Kg7 37. Nh3 Kxg6 38. Nf4+ Kg5 39. Kf3 Re8 40. b4 cxb4 41. Rc7 f5 42. Rxa7 fxe4+ 43. dxe4 Rd2 44. Rg7+ Kf6 45. Rg6+ Kf7 46. Rxb6 Rxa2 47. Rxb4 Rxh2 48. Rb5 h4 49. Rf5+ Kg8 50. Rg5+ Kf7 51. Rf5+ Kg8 52. Rg5+ Kf7 1/2-1/2

[Event "FIDE World Rapid-ch Open 2018"]
[White "Geller, Jakov"]
[Black "Vokhidov, Shamsiddin"]
[Site "St. Petersburg"]
[Round "12.72"]
[Annotator "ChessBase"]
[Result "0-1"]
[Date "2018.12.28"]
[WhiteElo "2518"]
[BlackElo "2480"]
[PlyCount "78"]
[TimeControl "900+10"]

1. e4 e5 2. Nf3 Nc6 3. Bc4 Bc5 4. d3 Nf6 5. 0-0 d6 6. c3 a6 7. Bb3 Ba7 8. Nbd2 0-0 9. h3 Be6 10. Bc2 d5 11. exd5 Nxd5 12. Re1 Nf4 13. Ne4 Ng6 14. Nfg5 Bd5 15. Qh5 h6 16. Nf3 Re8 17. Bb3 Bxb3 18. axb3 Re6 19. Rd1 Nce7 20. Nh4 Nxh4 21. Qxh4 Qd7 22. Ng3 f5 23. Be3 Bxe3 24. fxe3 Rf8 25. Qc4 b5 26. Qc5 Rg6 27. Kh2 f4 28. exf4 exf4 29. Ne4 Nf5 30. Rd2 f3 31. g3 Qf7 32. Rf1 Nxg3 33. Nxg3 Rxg3 34. Qe5 Rg5 35. Qd4 c5 36. Qd6 Rg6 37. Qe5 Re8 38. Qh5 Rg2+ 39. Rxg2 Qxh5 0-1

[Event "FIDE World Rapid-ch Open 2018"]
[White "Vlassov, Nikolai"]
[Black "Jones, Gawain C B"]
[Site "St. Petersburg"]
[Round "12.73"]
[Annotator "ChessBase"]
[Result "0-1"]
[Date "2018.12.28"]
[WhiteElo "2401"]
[BlackElo "2682"]
[PlyCount "42"]
[TimeControl "900+10"]

1. e4 c5 2. c3 d5 3. exd5 Qxd5 4. d4 Nc6 5. Nf3 Bf5 6. Na3 cxd4 7. Bc4 Qe4+ 8. Be3 e6 9. Nxd4 Bxa3 10. bxa3 Qxg2 11. Rf1 Nge7 12. Qb3 0-0 13. Qxb7 Rab8 14. Qa6 Nxd4 15. Bxd4 Rb2 16. Rd1 Nd5 17. Rd2 Qe4+ 18. Be2 Rb1+ 19. Rd1 Rxd1+ 20. Kxd1 Nxc3+ 21. Bxc3 Qc2+ 0-1